 Dungeon Crawl Stone Soup version 0.31.0-12-g77e489cdc1 (webtiles) character file.

Game seed: 18351618005286942634

150 aeroqp the Digger (level 5, 0/4 HPs)
             Began as a Formicid Earth Elementalist on Feb 29, 2024.
             Slain by a quokka (4 damage)
             ... on level 3 of the Dungeon.
             The game lasted 00:06:33 (2356 turns).

aeroqp the Digger (Formicid Earth Elementalist)     Turns: 2356, Time: 00:06:34

Health: 0/4        AC:  2    Str: 17    XL:     5   Next: 58%
Magic:  8/8        EV: 15    Int: 23    God:
Gold:   109        SH:  0    Dex: 14    Spells: 7/8 levels left

rFire   . . .        q - melded +3 dagger
rCold   . . .        (shield currently unavailable)
rNeg    . . .        k - melded +0 robe
rPois   +            (helmet unavailable)
rElec   .            (cloak currently unavailable)
rCorr   .            (gloves currently unavailable)
SInv    .            (boots currently unavailable)
Will    .....        (no amulet)
Stlth   ++           c - +6 ring of intelligence
HPRegen 0.20/turn    a - +5 ring of evasion
MPRegen 0.11/turn

%: no passive effects
@: snake-form
A: constrict, reduced hp, permanent stasis, dig shafts and tunnels, large,
(antennae 3), four strong arms
a: Begin Untransformation


You were on level 3 of the Dungeon.
You were an enormous serpent.
You visited 1 branch of the dungeon, and saw 3 of its levels.

You collected 109 gold pieces.

Inventory:

Hand Weapons
 q - a +3 dagger (melded)
Armour
 k - a +0 robe (melded)
Jewellery
 a - a +5 ring of evasion (right hand)
 c - a +6 ring of intelligence (left hand)
Talismans
 d - a beast talisman
 m - a serpent talisman (active)
 p - a flux talisman
Scrolls
 f - a scroll of torment {unknown}
 h - a scroll of enchant weapon {unknown}
 j - a scroll of immolation {unknown}
 l - 2 scrolls of teleportation
 o - a scroll of silence {unknown}
Potions
 b - a potion of magic
 e - a potion of mutation {unknown}
 g - 3 potions of degeneration {unknown}
 i - a potion of lignification {unknown}
 n - a potion of attraction {unknown}
 r - a potion of heal wounds {unknown}


   Skills:
 - Level 1.7 Dodging
 - Level 2.4 Stealth
 - Level 2.1 Spellcasting
 - Level 0.8 Conjurations
 + Level 7.0 Earth Magic


You had 7 spell levels left.
You knew the following spells:

 Your Spells              Type           Power      Damage    Failure   Level
a - Sandblast             Erth           70%        2d15      1%          1

Your spell library contained the following spells:

 Spells                   Type           Power      Damage    Failure   Level
 Passwall                 Erth           35%        N/A       1%          3
 Stone Arrow              Conj/Erth      40%        3d9       8%          3
 Slow                     Hex            8%         N/A       13%         1
 Brom's Barrelling Bould  Conj/Erth      20%        2d4       24%         4
 Petrify                  Alch/Erth      18%        N/A       28%         4
 Confusing Touch          Hex            2%         N/A       36%         3
 Sigil of Binding         Hex            2%         N/A       36%         3
 Vampiric Draining        Necr           2%         2d6       36%         3


Dungeon Overview and Level Annotations

Branches:
Dungeon (3/15)

Altars:


Innate Abilities, Weirdness & Mutations

You are an enormous serpent.
You have a powerful constriction melee attack.
Your maximum health is decreased, since you lack skill for your form.
Your armour is entirely melded.
You are incapable of wielding weapons or throwing items.
You cannot be hasted, slowed, berserked, paralysed or teleported.
You can dig through walls and to a lower floor.
((You have a pair of large antennae on your head. (SInv)))
Your four strong arms can wield two-handed weapons with a shield.


Message History

You sense a monster nearby.
You see here a flux talisman.
p - a flux talisman You begin transforming.
You continue transforming. x3
You turn into something dangerously unstable.
Your +3 dagger melds into your body.
Your +0 robe melds into your body.
You begin transforming.
You continue transforming. x3
Your transformation has ended.
Your +3 dagger unmelds from your body.
Your +0 robe unmelds from your body.
You turn into an enormous serpent.
Your +3 dagger melds into your body.
Your +0 robe melds into your body.
Found 8 gold pieces.
You now have 109 gold pieces (gained 8).
A hobgoblin comes into view.
Okay, then.
An orc priest and an orc come into view. 3 orcs and a bat come into view.
Found a flail.
Found a stone staircase leading down.
You can't wear anything in your present form.
You see here a +0 short sword.
There is an open door here.
Things that are here:
a +0 dagger; 2 poisoned darts; a kobold skeleton
There is an open door here.
You open the large door.
There is a large open door here.
r - a dark potion
Found a stone staircase leading up.
A goblin comes into view. It is wielding a +0 dagger.
A quokka comes into view.
Found a stone staircase leading down.
Found a stone staircase leading up.
The goblin shouts!
You barely miss the goblin. Your grab misses the goblin.
The goblin hits you but does no damage.
You closely miss the goblin. Your grab misses the goblin.
The goblin hits you with a +0 dagger.
You closely miss the goblin. Your grab misses the goblin. The quokka bites you.
Ouch! That really hurt!
You die...

### #### ...#<.# #
....>#.# #.#..#.
..... ...# #gr# #
#S.# #.#.#..#
#.#.#..# #......#
# ##...#..#.#
......##.#.#
...........#
.######..#########
...............<#


You could see a quokka and a goblin.

Vanquished Creatures
  An orc priest (D:3)
  An orc wizard (D:3)
  3 adders (D:2)
  A dart slug (D:1)
  2 ribbon worms
  3 orcs (D:3)
  3 ball pythons
  2 bats
  6 endoplasms
  2 giant cockroaches
  4 goblins
  10 hobgoblins
  5 quokkas (D:1)
  7 frilled lizards
  7 kobolds
  2 rats
59 creatures vanquished.

Notes
Turn   | Place    | Note
-------+----------+-------------------------------------------
     0 | D:1      | aeroqp the Formicid Earth Elementalist began the quest for
                  | the Orb.
     0 | D:1      | Reached XP level 1. HP: 13/13 MP: 3/3
    65 | D:1      | Reached skill level 4 in Earth Magic
   107 | D:1      | Reached XP level 2. HP: 19/19 MP: 3/5
   351 | D:1      | Reached XP level 3. HP: 6/24 MP: 0/6
   459 | D:1      | Found a faded altar of an unknown god.
   491 | D:1      | Reached skill level 5 in Earth Magic
   857 | D:2      | Reached XP level 4. HP: 30/30 MP: 5/7
  1019 | D:2      | Reached skill level 6 in Earth Magic
  1690 | D:3      | Reached XP level 5. HP: 27/35 MP: 5/8
  1878 | D:3      | Reached skill level 7 in Earth Magic
  2356 | D:3      | Slain by a quokka

Illustrated notes

Levels and vault maps discovered:
D:1:      eino_arrival_water_cross, layout_rooms, basic_ecumenical_altar,
          minmay_hexomino_f4
D:2:      layout_loops_cross
D:3:      kennysheep_big_flooded_room, layout_basic

Skill      XL: |  1  2  3  4  5 |
---------------+----------------+-----
Earth Magic    | 4 5 6 7 |  7.0
Dodging        | |  1.7
Stealth        | |  2.4
Spellcasting   | |  2.1
Conjurations   | |  0.8

Action                     |  1- 3 |  4- 6 || total
---------------------------+-------+-------++-------
  Melee: Short sword       |    12 |       ||    12
         Spear             |    13 |       ||    13
         Unarmed           |       |     3 ||     3
         Dagger            |       |     1 ||     1
   Cast: Sandblast         |    32 |    33 ||    65
    Use: Scroll            |       |     1 ||     1
 Armour: Robe              |    14 |     2 ||    16
         Skin              |       |     3 ||     3
  Dodge: Dodged            |    21 |     3 ||    24
   Form: Beast             |     1 |       ||     1
                           |     1 |       ||     1
         Serpent           |       |     1 ||     1
         Flux              |       |     1 ||     1
